AoeStats
← HR Pinkman

Oasis

509787672Analyzed
4v4 RM · 3d ago on Sep 28, 2026· 49m 50s· 8 players
Game mode
Random Map
Map size
Large (8 player)
Population
200
Speed
Normal
Resources
Standard
Victory
Conquest
Starting age
Dark Age
Ending age
Imperial Age
RankedLock teamsTeams togetherTeam positionsShared explorationLock speedFull tech treeHidden civsTurbo modeCheats
Victory
Defeat
🇨🇱 Khmer · Chile
1874
+8
🇨🇱 Celts · Chile
1853
+9
🇨🇱 Malians · Chile
1753
+13
🇨🇱 Dravidians · Chile
1611
+18
🇦🇷 Spanish · Argentina
1808
-17
🇻🇳 Huns · Vietnam
1690
-12
🇲🇽 Bengalis · Mexico
1668
-11
🇲🇽 Cumans · Mexico
1573
-8
[SotC] Spirit
2:44 Loom
8:47 Feudal Age
12:36 Fletching
15:57 Padded Archer Armor
18:16 Double-Bit Axe
22:40 Castle Age
22:01 Horse Collar
22:47 Crossbowman
23:23 Bodkin Arrow
24:35 Gold Mining
25:08 Bow Saw
24:51 Town Watch
25:43 Wheelbarrow
27:28 Ballistics
28:44 Heavy Plow
35:50 Imperial Age
36:43 Bloodlines
36:50 Bracer
39:01 Chemistry
38:06 Husbandry
40:35 Scale Barding Armor
40:40 Forging
40:01 Pikeman
40:37 Stone Mining
40:58 Elite Elephant Archer
42:18 Gold Shaft Mining
42:41 Leather Archer Armor
43:05 Chain Barding Armor
43:20 Iron Casting
43:13 Conscription
43:13 Paiks
44:08 Hand Cart
43:54 Town Patrol
44:58 Two-Man Saw
45:08 Mahayana
45:39 Ring Archer Armor
45:45 Plate Barding Armor
46:11 Siege Elephant
48:35 Blast Furnace
[SotC] Frank Castle
5:55 Loom
8:51 Feudal Age
9:42 Double-Bit Axe
9:41 Horse Collar
13:53 Bloodlines
19:05 Scale Barding Armor
19:29 Forging
19:39 Gold Mining
20:50 Wheelbarrow
23:35 Castle Age
24:36 Chain Barding Armor
23:39 Light Cavalry
24:54 Bow Saw
24:56 Heavy Plow
26:07 Iron Casting
30:23 Stone Mining
30:19 Town Watch
31:48 Husbandry
32:44 Fletching
37:09 Bodkin Arrow
38:41 Masonry
39:24 Ballistics
40:20 Hand Cart
44:11 Imperial Age
44:24 Cavalier
45:53 Plate Barding Armor
46:43 Blast Furnace
48:39 Paladin
49:44 Conscription
[SotC ]Risck
6:29 Loom
9:25 Feudal Age
9:57 Double-Bit Axe
11:40 Fletching
25:37 Castle Age
44:01 Horse Collar
ZiZi
8:53 Feudal Age
9:29 Double-Bit Axe
9:31 Loom
9:49 Horse Collar
13:39 Scale Barding Armor
16:21 Bloodlines
18:43 Bloodlines
19:33 Forging
23:20 Castle Age
22:15 Gold Mining
24:21 Chain Barding Armor
24:03 Husbandry
24:38 Bow Saw
30:19 Fletching
46:21 Bodkin Arrow
47:32 Wheelbarrow
HR itu
9:01 Feudal Age
7:48 Loom
9:54 Double-Bit Axe
10:21 Horse Collar
16:19 Scale Barding Armor
17:57 Wheelbarrow
22:21 Castle Age
23:24 Gold Mining
23:46 Bow Saw
23:39 Heavy Plow
25:40 Stone Mining
27:33 Scale Mail Armor
29:45 Forging
30:50 Fletching
32:58 Chain Mail Armor
40:13 Imperial Age
38:02 Hand Cart
37:24 Pikeman
39:19 Iron Casting
40:41 Heavy Scorpion
43:13 Plate Mail Armor
44:43 Chemistry
45:52 Ballistics
47:54 Capped Ram
HR | Darkjosh89
7:00 Loom
9:13 Feudal Age
9:22 Man-at-Arms
13:53 Fletching
30:00 Double-Bit Axe
44:03 Castle Age
45:20 Bow Saw
44:54 Horse Collar
45:26 Bow Saw
49:26 Heavy Plow
50:05 Wheelbarrow
HR Pinkman
6:21 Loom
8:46 Feudal Age
11:05 Fletching
20:34 Castle Age
19:05 Padded Archer Armor
19:07 Gold Mining
19:20 Double-Bit Axe
19:34 Horse Collar
21:14 Bodkin Arrow
20:39 Crossbowman
20:51 Crossbowman
23:50 Bow Saw
30:09 Heavy Plow
30:48 Wheelbarrow
39:14 Imperial Age
37:41 Ballistics
39:02 Gold Shaft Mining
38:18 Stone Mining
39:34 Leather Archer Armor
39:47 Hand Cart
39:56 Bracer
39:17 Arbalester
41:02 Chemistry
41:15 Town Watch
44:07 Ring Archer Armor
44:44 Crop Rotation
44:50 Coinage
45:17 Scale Barding Armor
45:23 Forging
46:22 Chain Barding Armor
46:30 Light Cavalry
47:20 Bloodlines
47:10 Husbandry
47:47 Iron Casting
47:22 Siege Engineers
47:28 Masonry
47:20 Hussar
48:39 Banking
neromelnick
8:52 Feudal Age
9:04 Loom
9:25 Double-Bit Axe
9:58 Horse Collar
15:39 Forging
17:00 Bloodlines
18:08 Wheelbarrow
21:33 Castle Age
19:41 Gold Mining
20:40 Scale Barding Armor
22:39 Chain Barding Armor
22:47 Husbandry
34:09 Iron Casting
35:44 Gold Shaft Mining
43:20 Imperial Age
43:22 Cavalier
43:27 Heavy Camel Rider
44:54 Plate Barding Armor
45:39 Bow Saw
47:08 Hand Cart
48:17 Heavy Plow
Connection lost

Rejoining the realm…

Still unreachable

The connection could not be restored.

Session expired

The server has moved on; the page needs a fresh start.